Map: Black Site 2E

Players

nikkibearrrr - Winner!

  • Race: Terran Terran
  • Spawn Location: 3:00

Metasapien - Winner!

  • Race: Zerg Zerg
  • League: Gold
  • Spawn Location: 5:00

dkemp - Winner!

  • Race: Zerg Zerg
  • Spawn Location: 6:00

Flange

  • Race: Terran Terran
  • League: Platinum
  • Spawn Location: 9:00

Terran

  • Race: Terran Terran
  • Spawn Location: 11:00

AquilesBr

  • Race: Terran Terran
  • Spawn Location: 12:00

VOD

Have the link to the VOD?

Description

Time

  • Played on: Sept. 16, 2017, 3:52 p.m.
  • Length: 13:20
Show
View Real Time Build Order
Export as new Build Order

nikkibearrrr Terran - Winner!

Build Orders:  

Get SALT Encoding   

  12  0:10  Supply Depot  
  12  0:15  SCV  
  13  0:35  Barracks  
  13  0:38  SCV  
  13  0:41  Refinery  
  14  0:50  SCV  
  15  1:02  SCV  
  16  1:05  Supply Depot  
  16  1:20  Engineering Bay  
  16  1:24  SCV  
  17  1:39  Refinery  
  17  1:43  Orbital Command  
  17  1:59  Factory  
  17  2:11  SCV  
  17  2:13  Barracks Reactor  
  18  2:23  SCV  
  19  2:35  SCV  
  20  2:48  Starport  
  20  2:49  Factory Tech Lab  
  20  2:53  Marine  
  20  2:54  Marine  
  20  2:58  SCV  
  23  3:09  Siege Tank  
  23  3:11  Marine x2  
  28  3:23  Supply Depot  
  28  3:26  Medivac  
  30  3:29  Marine  
  30  3:33  Supply Depot  
  31  3:44  Marine  
  31  3:46  Siege Tank  
  31  3:47  Marine  
  36  4:00  SCV  
  36  4:02  Marine  
  37  4:05  Marine  
  39  4:12  Medivac  
  41  4:20  Marine  
  41  4:22  Marine  
  43  4:35  Barracks  
  43  4:38  Marine  
  44  4:41  Medivac  
  46  5:05  Marine  
  47  5:28  Marine  
  47  5:32  Marine  
  47  5:44  Medivac  
  47  5:46  Marine  
  47  5:48  Siege Tank  
  47  5:53  Marine  
  47  6:06  Marine  
  41  6:11  Command Center  
  41  6:14  Medivac  
  43  6:23  Barracks Tech Lab  
  43  6:25  Supply Depot  
  43  6:36  Marine x2  
  45  6:46  Siege Tank  
  48  6:48  Supply Depot  
  48  6:50  Medivac  
  48  6:54  Marine x2  
  52  7:06  Marine  
  53  7:11  Marine, Supply Depot  
  53  7:12  Marine  
  55  7:23  Marine  
  55  7:29  Marine  
  39  7:30  Marine  
  40  7:38  Orbital Command  
  40  7:41  SCV  
  7  9:12  Orbital Command  
  7  9:37  Refinery  
  7  9:40  Refinery  
  7  9:54  SCV  
  8  10:06  SCV  
  9  10:18  SCV  
  9  10:19  Barracks Reactor  
  10  10:30  SCV  
  2  11:32  Orbital Command  
    12:03  SCV  
  1  12:16  SCV  
  2  12:28  SCV  
  3  12:40  SCV  
  4  12:48  Refinery  
  4  12:51  Refinery  
  4  12:52  SCV  
  5  13:04  SCV  
  6  13:15  Barracks  
Show
View Real Time Build Order
Export as new Build Order

Metasapien Zerg - Winner!

Build Orders: Pool First 

Get SALT Encoding   

  12  0:01  Drone  
  13  0:13  Overlord  
  13  0:19  Drone  
  14  0:32  Drone x2  
  16  0:36  Drone  
  17  0:51  Spawning Pool  
  17  0:53  Extractor  
  17  0:54  Drone  
  16  0:57  Drone  
  17  1:20  Hatchery  
  17  1:21  Drone  
  17  1:27  Drone  
  17  1:31  Drone  
  19  1:39  Queen  
  21  1:45  Overlord  
  21  1:54  Zergling x2  
  22  2:04  Overlord  
  22  2:19  Drone  
  23  2:23  Drone  
  24  2:37  Extractor  
  24  2:38  Drone  
  24  2:39  Drone  
  24  2:40  Queen  
  27  2:44  Metabolic Boost  
  27  2:49  Drone  
  27  2:50  Drone, Zergling x2  
  30  2:51  Roach Warren  
  30  2:55  Drone  
  30  2:57  Drone  
  31  3:01  Drone  
  32  3:05  Drone  
  32  3:10  Drone  
  34  3:20  Drone  
  34  3:23  Drone  
  34  3:25  Drone  
  37  3:34  Roach  
  37  3:37  Drone x2  
  41  3:52  Spine Crawler  
  40  3:57  Evolution Chamber  
  40  4:01  Roach x2  
  43  4:07  Drone  
  43  4:09  Overlord x2  
  44  4:13  Lair  
  44  4:20  Pneumatized Carapace  
  44  4:24  Extractor  
  44  4:25  Drone, Extractor  
  44  4:26  Drone  
  44  4:31  Zerg Ground Armor Level 1  
  44  4:43  Drone x2  
  44  4:44  Drone x3  
  49  4:46  Overlord  
  49  4:52  Drone  
  50  4:55  Drone  
  50  4:58  Drone  
  50  4:59  Drone x2  
  54  5:01  Drone x2  
  54  5:02  Drone, Hatchery  
  56  5:19  Drone x2  
  58  5:24  Glial Reconstitution  
  58  5:26  Hydralisk Den  
  57  5:28  Drone x2  
  57  5:30  Evolution Chamber  
  58  5:57  Muscular Augments, Infestation Pit  
  58  5:58  Zerg Missile Weapons Level 1  
  58  6:00  Roach x3  
  58  6:02  Extractor x2, Roach x3  
  67  6:14  Overlord  
  67  6:15  Overlord  
  67  6:20  Queen  
  67  6:23  Queen  
  67  6:24  Burrow  
  71  6:26  Drone  
  71  6:29  Drone x2  
  74  6:37  Zerg Ground Armor Level 2  
  74  6:43  Tunneling Claws  
  74  6:52  Drone x2  
  77  7:01  Drone  
  77  7:03  Hydralisk x3  
  77  7:04  Roach x2, Hydralisk  
  77  7:06  Overlord x3  
  89  7:08  Overlord  
  89  7:11  Overseer  
  89  7:20  Overseer  
  89  7:27  Overseer  
  89  7:32  Drone x4  
  89  7:33  Drone x2  
  95  7:46  Overseer  
  95  7:48  Hydralisk  
  95  7:49  Roach, Hydralisk x4  
  95  7:50  Hydralisk x2, Roach x2  
  115  7:52  Roach  
  117  8:08  Hydralisk x2  
  117  8:11  Overlord x3  
  117  8:12  Overlord  
  121  8:13  Overseer  
  121  8:43  Hydralisk x4  
  121  8:44  Roach x2, Hydralisk x3  
  121  8:45  Hydralisk x2, Roach x4  
  151  9:05  Hatchery  
  151  9:06  Hive  
  150  9:25  Overlord x4  
  150  9:26  Overlord, Nydus Network  
  150  9:30  Hydralisk x2  
  153  9:43  Zerg Missile Weapons Level 2  
  153  9:46  Overlord x2  
  153  10:05  Overseer  
  153  10:19  Swarm Host  
  153  10:20  Roach x4  
  153  10:21  Roach x4  
  187  10:44  Nydus Canal  
  187  11:01  Roach x2, Hydralisk x4  
  187  11:02  Roach x2  
  187  11:03  Roach  
  162  11:26  Hydralisk x2  
  162  11:27  Roach x2, Hydralisk x4  
  162  11:28  Hydralisk, Roach x4  
  188  11:34  Drone  
  189  11:48  Extractor  
  189  11:50  Extractor  
  143  12:47  Overlord x2  
  143  12:48  Overlord x5  
  143  12:49  Overlord x2  
Show
View Real Time Build Order
Export as new Build Order

dkemp Zerg - Winner!

Build Orders: Hatch First 

Get SALT Encoding   

  12  0:01  Drone  
  13  0:14  Overlord  
  13  0:19  Drone  
  14  0:32  Drone x2  
  16  0:40  Drone  
  17  0:56  Hatchery  
  16  0:58  Drone  
  16  1:01  Drone  
  18  1:08  Extractor  
  17  1:12  Drone  
  18  1:19  Drone  
  19  1:27  Spawning Pool  
  19  1:29  Drone  
  19  1:40  Drone  
  20  1:52  Drone, Extractor  
  20  2:02  Drone  
  21  2:09  Drone  
  21  2:13  Overlord  
  22  2:22  Drone  
  23  2:23  Queen  
  23  2:25  Queen  
  23  2:26  Drone  
  28  2:33  Drone  
  29  2:40  Drone  
  30  2:47  Drone, Spore Crawler  
  30  2:52  Drone x2  
  30  2:57  Drone  
  33  2:59  Queen  
  33  3:01  Drone  
  36  3:10  Overlord  
  36  3:14  Overlord  
  36  3:21  Overlord  
  36  3:27  Extractor  
  36  3:29  Extractor  
  36  3:30  Lair  
  34  3:41  Drone x4  
  38  3:42  Drone x2  
  38  3:43  Drone x2  
  42  3:53  Queen  
  44  4:00  Drone x2  
  46  4:03  Drone  
  47  4:18  Drone  
  47  4:19  Drone x2  
  47  4:23  Drone  
  51  4:29  Drone, Queen  
  51  4:30  Overlord  
  54  4:32  Overlord  
  54  4:33  Overlord  
  54  4:39  Spire  
  54  4:42  Drone  
  54  4:44  Drone  
  55  4:59  Spire  
  54  5:03  Hatchery  
  53  5:12  Overlord  
  53  5:14  Drone x2  
  55  5:28  Queen  
  55  5:30  Queen  
  59  5:39  Overlord x2  
  59  5:51  Zerg Flyer Weapons Level 1  
  59  5:53  Mutalisk x2  
  59  5:55  Mutalisk x6  
  75  6:04  Mutalisk  
  75  6:06  Mutalisk  
  75  6:07  Mutalisk  
  81  6:12  Zerg Flyer Armor Level 1  
  81  6:14  Overlord  
  81  6:16  Drone  
  82  6:29  Queen  
  82  6:30  Drone  
  82  6:32  Drone  
  86  6:33  Drone  
  87  6:42  Mutalisk x2  
  87  6:45  Overlord  
  91  6:47  Drone  
  91  6:51  Extractor  
  91  6:53  Drone  
  92  6:54  Extractor  
  92  6:59  Infestation Pit, Mutalisk x2  
  94  7:04  Queen  
  96  7:34  Mutalisk x3  
  96  7:36  Mutalisk x3  
  108  7:53  Drone x2  
  108  7:54  Drone  
  111  8:00  Queen  
  113  8:06  Mutalisk x2  
  113  8:08  Corruptor  
  113  8:09  Mutalisk  
  121  8:21  Zerg Flyer Weapons Level 2  
  121  8:26  Drone  
  121  8:27  Drone x2  
  124  8:46  Mutalisk x3  
  130  8:50  Overlord x3  
  130  8:53  Overlord x3  
  130  8:55  Zerg Flyer Armor Level 2  
  130  9:12  Pneumatized Carapace  
  130  9:25  Mutalisk x3  
  130  9:28  Overlord x2  
  136  9:32  Mutalisk x2  
  130  10:09  Corruptor x3  
  130  10:12  Corruptor x2  
  130  10:13  Corruptor x2  
  144  10:23  Corruptor  
  146  10:41  Overseer x2  
  146  10:42  Overseer x2  
  146  10:43  Overseer x3  
  146  10:49  Mutalisk x2  
  148  11:30  Mutalisk x4  
  148  11:31  Mutalisk x2  
  160  12:17  Corruptor x6  
  166  12:33  Mutalisk x2  
  166  12:34  Mutalisk x3  
Show
View Real Time Build Order
Export as new Build Order

Flange Terran 

Build Orders:  

Get SALT Encoding   

  12  0:01  SCV  
  13  0:18  SCV  
  14  0:30  SCV  
  14  0:32  Supply Depot  
  15  0:54  SCV  
  15  0:55  Barracks  
  16  1:06  SCV  
  18  1:18  SCV  
  18  1:33  Command Center  
  18  1:44  Marine  
  19  1:48  SCV  
  19  1:49  Barracks  
  19  1:50  Barracks  
  20  2:09  SCV  
  20  2:12  Refinery x2  
  21  2:16  Supply Depot  
  21  2:37  Marine  
  21  2:38  Orbital Command  
  22  2:46  Orbital Command  
  22  3:10  Supply Depot, Marine x3  
  22  3:11  SCV x2  
  27  3:25  SCV  
  27  3:26  Factory, SCV  
  29  3:32  Orbital Command  
  29  3:39  Barracks Tech Lab  
  29  3:41  Barracks Tech Lab  
  29  3:44  SCV  
  29  3:46  Engineering Bay, Supply Depot  
  30  3:54  Barracks Reactor  
  30  3:57  SCV  
  30  3:59  SCV  
  32  4:05  Refinery  
  32  4:09  SCV  
  33  4:12  Factory  
  33  4:14  Combat Shields  
  33  4:24  SCV  
  33  4:25  Refinery, SCV  
  35  4:34  Siege Tank  
  38  4:39  Barracks Tech Lab  
  38  4:41  SCV  
  39  4:50  SCV, Supply Depot  
  40  4:53  SCV  
  40  4:59  Supply Depot  
  41  5:03  SCV  
  41  5:05  SCV  
  43  5:09  Starport  
  43  5:10  Barracks Reactor  
  43  5:15  SCV  
  43  5:17  Siege Tank  
  47  5:22  Engineering Bay  
  47  5:33  Marine  
  47  5:34  Marauder, Marine  
  51  5:55  Marauder  
  53  6:16  Marine  
  53  6:17  Marauder, Marine x2  
  58  6:19  Siege Tank x2  
  58  6:23  Starport Reactor  
  64  6:25  Medivac  
  64  6:26  Starport  
  66  6:33  Missile Turret  
  66  6:34  Missile Turret  
  66  6:35  Missile Turret, SCV  
  66  6:36  SCV  
  66  6:38  Missile Turret  
  66  6:39  Marauder  
  70  6:40  Marine  
  71  6:50  Terran Infantry Weapons Level 1  
  71  6:54  Armory  
  66  7:17  Marine  
  66  7:18  Marine x4  
  70  7:54  Command Center  
  70  7:55  Missile Turret  
  70  7:59  Missile Turret  
  67  8:30  Marine x4  
  67  8:31  Terran Vehicle Weapons Level 1  
  67  8:32  Supply Depot x3  
  71  8:48  Command Center  
  71  8:53  Medivac x2, Marine x4  
  71  8:55  Marine  
  80  9:11  Orbital Command  
  80  9:13  SCV  
  81  9:23  Medivac  
  83  9:25  SCV  
  70  9:57  Viking x2, Marine x4  
  70  9:58  Marine  
  66  10:15  Marine x5  
  71  10:22  Hellion  
  71  10:24  Orbital Command  
  73  10:33  Marine x4  
  65  11:18  Marine x2  
  62  11:19  Marauder, Marine x2  
  62  11:23  Medivac x2  
  72  11:27  Missile Turret  
  70  11:36  Marine x2  
  70  11:37  Marine x2  
  74  11:41  Marauder  
  76  11:53  Viking  
  76  11:54  Marine x2  
  78  11:55  Marine x2  
Show
View Real Time Build Order
Export as new Build Order

Terran Terran 

Build Orders:  

Get SALT Encoding   

  12  0:04  SCV  
  13  0:20  SCV  
  14  0:24  Supply Depot  
  14  0:32  SCV  
  15  0:45  SCV  
  16  0:50  Barracks  
  16  1:02  Refinery  
  16  1:06  Refinery  
  16  1:07  SCV  
  17  1:19  SCV  
  18  1:32  SCV  
  19  1:41  Barracks Tech Lab  
  19  1:57  Command Center  
  19  2:08  Factory  
  19  2:22  Orbital Command  
  19  2:25  Marine  
  20  2:42  Supply Depot  
  20  2:56  Factory Tech Lab  
  20  3:00  Ghost Academy  
  20  3:01  SCV  
  20  3:04  Marine  
  22  3:14  Supply Depot  
  22  3:21  Orbital Command  
  22  3:33  Siege Tank  
  25  3:35  SCV  
  26  3:49  Ghost  
  28  3:58  Personal Cloaking  
  28  4:02  SCV  
  29  4:03  SCV  
  30  4:11  Refinery  
  30  4:21  Starport  
  30  4:22  SCV  
  30  4:23  SCV  
  32  4:36  Engineering Bay  
  32  4:38  SCV x2  
  34  4:43  Ghost Academy  
  34  4:50  Ghost Academy  
  34  4:53  Marine  
  34  4:56  SCV x2  
  37  5:04  Refinery  
  37  5:08  SCV x2  
  37  5:12  Starport Reactor  
  39  5:16  Nuke  
  39  5:20  Nuke  
  39  5:26  Armory  
  39  5:51  Liberator  
  39  5:52  Liberator  
  37  6:01  SCV x2  
  37  6:03  Nuke  
  39  6:11  Siege Tank  
  48  6:13  SCV x2  
  50  6:25  SCV x2  
  52  6:34  Terran Vehicle And Ship Armor Level 1  
  52  6:37  SCV  
  52  6:38  Armory  
  53  6:42  SCV  
  54  7:06  Liberator x2  
  54  7:13  Nuke  
  54  7:23  SCV  
  54  7:25  Thor  
  54  7:28  Terran Vehicle Weapons Level 1  
  67  7:34  Nuke  
  67  7:40  Missile Turret  
  67  7:44  Missile Turret  
  67  7:50  Nuke  
  67  7:53  Liberator  
  67  8:06  Nuke  
  70  8:21  Command Center  
  69  8:29  Nuke  
  69  8:33  Terran Vehicle And Ship Armor Level 2  
  69  8:46  Barracks  
  69  8:47  Barracks  
  69  8:48  Barracks  
  69  8:52  Barracks  
  69  8:53  Barracks  
  69  9:13  Supply Depot  
  69  9:14  Terran Infantry Weapons Level 1  
  69  9:15  Liberator x2, Supply Depot  
  69  9:31  SCV  
  69  9:32  Refinery  
  69  9:33  SCV  
  69  9:34  Refinery, Orbital Command  
  69  9:37  Barracks Reactor x3  
  77  9:41  Barracks Reactor  
  77  9:42  Barracks Reactor  
  77  9:44  SCV  
  77  9:45  SCV  
  79  10:13  Thor  
  85  10:16  Marine x7  
  85  10:17  Marine  
  93  10:23  Marine  
  93  10:24  Marine  
  93  10:27  Terran Ship Weapons Level 1  
  95  10:36  Liberator x2  
  95  10:45  Supply Depot  
  95  10:47  Supply Depot, Marine x6  
  95  10:48  Marine x4  
  105  10:56  Thor  
  117  11:21  Marine x2  
  117  11:22  Marine x8  
  127  11:39  Marine x4  
  129  11:40  Marine x3  
  129  11:42  SCV x3  
  129  11:46  Thor  
  143  11:54  SCV x3  
  104  12:50  Marine x4  
  104  12:51  Marine x6  
Show
View Real Time Build Order
Export as new Build Order

AquilesBr Terran 

Build Orders:  

Get SALT Encoding   

  12  0:08  SCV  
  13  0:20  SCV  
  14  0:29  Supply Depot  
  14  0:40  SCV  
  15  0:55  Barracks  
  15  1:07  SCV  
  16  1:19  SCV  
  17  1:31  Command Center, SCV  
  18  1:38  Refinery  
  18  1:43  SCV  
  18  1:44  Supply Depot  
  19  1:47  Marine  
  20  1:59  Orbital Command  
  20  2:18  Barracks  
  20  2:22  Marine  
  21  2:32  Engineering Bay, SCV  
  22  2:40  Marine  
  22  2:43  Factory  
  23  2:47  SCV x2  
  25  2:59  SCV  
  26  3:08  Orbital Command  
  26  3:11  SCV  
  27  3:18  Barracks Reactor  
  26  3:23  SCV  
  26  3:26  Marine  
  28  3:30  Factory Reactor  
  28  3:35  Refinery  
  28  3:40  SCV x2  
  31  3:52  SCV x2  
  32  4:04  SCV x2  
  34  4:12  Barracks Tech Lab  
  34  4:13  Hellion x2  
  34  4:16  SCV  
  39  4:23  Factory  
  39  4:27  Starport  
  39  4:30  SCV x2  
  41  4:34  Hellion  
  41  4:35  Hellion  
  45  4:42  SCV  
  46  4:54  Refinery  
  46  5:00  Refinery, SCV x2  
  46  5:04  Supply Depot  
  46  5:06  Supply Depot  
  48  5:07  Supply Depot  
  48  5:12  Missile Turret, SCV x2  
  50  5:18  Missile Turret  
  50  5:22  Missile Turret  
  50  5:25  Missile Turret  
  32  5:47  Factory Tech Lab  
  32  5:48  Hellion x2  
  36  6:00  Orbital Command  
  36  6:01  Starport Reactor  
  35  6:06  Factory  
  35  6:18  Armory  
  35  6:32  Liberator x2  
  35  6:41  SCV x2  
  35  6:46  Hellion x2  
  41  6:51  Factory Tech Lab  
  41  6:53  SCV x2  
  49  7:03  Missile Turret  
  49  7:04  Missile Turret  
  49  7:05  Missile Turret, SCV x2  
  51  7:17  SCV x2  
  53  7:23  Thor  
  53  7:29  Thor, SCV x2  
  67  7:41  SCV  
  67  7:42  SCV  
  69  8:07  Hellbat  
  69  8:08  Hellbat  
  59  8:32  Thor  
  59  8:33  Thor  
  73  8:34  Hellion x2  
  73  8:40  Marine  
  73  8:41  Marine  
  77  8:48  Liberator  
  77  8:58  Marine x2  
  79  9:04  Hellbat x2  
  79  9:08  Command Center  
  86  9:21  Terran Vehicle Weapons Level 1, Liberator  
  86  9:29  Armory  
  86  9:33  Supply Depot  
  86  9:34  Supply Depot  
  86  9:36  Supply Depot  
  86  9:37  Supply Depot  
  86  9:38  Marine  
  86  9:39  Hellbat x3, Marine  
  86  9:42  Supply Depot  
  86  9:43  Supply Depot  
  97  9:56  Marine x2  
  99  10:06  Thor x2  
  111  10:32  Viking x2  
  115  11:02  Viking  
  67  11:24  Hellion x2  
  67  11:25  Hellion x2  
  69  11:38  Orbital Command  
  69  11:40  SCV x2  
  69  11:45  Thor  
  77  11:52  SCV x2  
  79  11:55  Hellion  
  77  12:19  Thor  
  65  12:49  Marine  
  62  12:53  Hellion  
Tags
 
Add a new tag
Caveats
  • Supply blocks, unpowered buildings, or Contaminate may cause inaccurate times.
  • Supply counts are checked every 10 seconds.